AoeStats
← Cattiva

Arena

508922621Analyzed
4v4 RM · 6d ago on Sep 24, 2026· 41m 0s· 8 players
Game mode
Random Map
Map size
Large (8 player)
Population
200
Speed
Normal
Resources
Standard
Victory
Conquest
Starting age
Dark Age
Ending age
Imperial Age
RankedLock teamsTeams togetherTeam positionsShared explorationLock speedFull tech treeHidden civsTurbo modeCheats
Victory
Defeat
🇩🇪 Slavs · Germany
1418
+11
🇩🇪 Hindustanis · Germany
1386
+12
🇩🇪 Britons · Germany
1259
+17
🇩🇪 Spanish · Germany
999
+27
🇦🇹 Franks · Austria
1401
-21
🇹🇼 Byzantines · Taiwan
1289
-17
🇦🇹 Teutons · Austria
1243
-15
🇲🇽 Khmer · Mexico
1224
-14
VL Neyten
7:00 Loom
10:18 Feudal Age
11:23 Horse Collar
11:31 Double-Bit Axe
19:48 Castle Age
19:17 Wheelbarrow
18:28 Town Watch
21:06 Bow Saw
20:58 Heavy Plow
21:06 Gold Mining
21:07 Stone Mining
22:08 Hand Cart
23:12 Gold Shaft Mining
23:14 Stone Shaft Mining
29:41 Imperial Age
29:16 Scale Barding Armor
29:35 Forging
30:12 Bloodlines
30:27 Husbandry
29:51 Elite Battle Elephant
31:12 Iron Casting
31:00 Chain Barding Armor
31:52 Crop Rotation
30:55 Light Cavalry
32:20 Plate Barding Armor
32:26 Plate Barding Armor
32:54 Blast Furnace
35:17 Fletching
35:24 Hussar
40:38 Bodkin Arrow
Cattiva
9:38 Loom
11:46 Feudal Age
15:20 Castle Age
13:41 Double-Bit Axe
14:07 Horse Collar
16:13 Heavy Plow
24:09 Fortified Wall
27:29 Wheelbarrow
27:25 Gold Mining
27:55 Treadmill Crane
31:23 Imperial Age
29:40 Hand Cart
30:11 Gold Shaft Mining
29:15 Crossbowman
29:50 Fletching
30:58 Bodkin Arrow
31:41 Thumb Ring
32:04 Padded Archer Armor
31:26 Elite Skirmisher
32:23 Bracer
34:08 Chemistry
33:28 Ballistics
33:46 Leather Archer Armor
34:30 Conscription
35:28 Ring Archer Armor
34:58 Scale Mail Armor
35:08 Forging
34:40 Pikeman
35:22 Squires
35:39 Halberdier
36:39 Chain Mail Armor
37:03 Hoardings
36:50 Conscription
36:42 Logistica
37:28 Crop Rotation
37:10 Bow Saw
36:59 Murder Holes
37:49 Iron Casting
37:40 Arbalester
39:41 Two-Man Saw
40:21 Plate Mail Armor
CRAZY HARD PUSH
10:32 Feudal Age
14:25 Castle Age
13:05 Double-Bit Axe
18:19 Loom
19:08 Loom
20:12 Wheelbarrow
19:24 Loom
21:15 Stone Mining
21:33 Gold Mining
26:01 Scale Barding Armor
30:14 Imperial Age
28:56 Gold Shaft Mining
29:04 Hand Cart
29:05 Forging
28:55 Scale Mail Armor
29:49 Ballistics
31:11 Elite Throwing Axeman
32:01 Husbandry
33:32 Chemistry
32:36 Pikeman
34:01 Conscription
34:13 Halberdier
36:27 Bow Saw
36:34 Chain Mail Armor
36:55 Iron Casting
37:09 Cavalier
40:39 Chain Barding Armor
40:50 Plate Mail Armor
40:51 Murder Holes
40:51 Fletching
41:02 Padded Archer Armor
Namun
11:28 Feudal Age
15:28 Castle Age
13:40 Double-Bit Axe
14:08 Horse Collar
14:40 Town Watch
18:18 Fletching
19:37 Heavy Plow
29:50 Gold Mining
30:46 Fortified Wall
32:18 Squires
35:06 Masonry
38:41 Loom
xxxDonPabloxxx
11:37 Feudal Age
13:47 Double-Bit Axe
16:15 Castle Age
14:41 Loom
14:59 Double-Bit Axe
35:04 Scale Mail Armor
38:24 Imperial Age
37:04 Horse Collar
37:37 Bow Saw
38:27 Wheelbarrow
39:11 Heavy Plow
40:55 Conscription
41:52 Chemistry
41:14 Ballistics
Maschndrohtzaun
10:18 Feudal Age
10:27 Feudal Age
11:49 Double-Bit Axe
11:47 Horse Collar
12:44 Loom
15:32 Castle Age
17:01 Bow Saw
16:52 Heavy Plow
22:13 Loom
24:21 Wheelbarrow
25:00 Scale Mail Armor
25:48 Hand Cart
25:25 Gold Mining
26:06 Chain Mail Armor
25:43 Man-at-Arms
25:43 Pikeman
26:37 Forging
30:30 Imperial Age
27:46 Town Watch
28:57 Iron Casting
29:01 Gold Shaft Mining
29:00 Masonry
29:44 Coinage
28:52 Long Swordsman
29:32 Squires
30:37 Two-Handed Swordsman
30:38 Halberdier
30:39 Capped Ram
32:29 Two-Man Saw
32:00 Crop Rotation
31:22 Stone Mining
31:30 Siege Ram
32:52 Plate Mail Armor
33:23 Blast Furnace
31:45 Champion
33:05 Onager
34:37 Banking
36:24 Fletching
36:36 Druzhina
36:57 Conscription
37:18 Siege Engineers
37:39 Bodkin Arrow
38:13 Ballistics
38:54 Chemistry
39:36 Fortified Wall
Eule_Keule
8:31 Loom
10:38 Feudal Age
14:29 Castle Age
12:50 Horse Collar
13:07 Loom
15:17 Double-Bit Axe
16:49 Stone Mining
18:56 Wheelbarrow
19:06 Bow Saw
19:16 Gold Mining
22:23 Gold Shaft Mining
23:40 Hand Cart
23:24 Town Watch
24:20 Heavy Plow
26:59 Ballistics
26:31 Fletching
26:42 Padded Archer Armor
28:08 Bodkin Arrow
33:00 Imperial Age
31:44 Gold Shaft Mining
31:48 Yeomen
33:29 Capped Ram
34:40 Conscription
35:33 Chemistry
34:35 Bracer
34:50 Leather Archer Armor
35:32 Treadmill Crane
37:15 Masonry
40:33 Ring Archer Armor
39:44 Elite Longbowman
orangefaser
9:47 Feudal Age
14:42 Castle Age
13:03 Double-Bit Axe
13:20 Horse Collar
16:13 Bow Saw
18:10 Heavy Plow
20:37 Wheelbarrow
20:46 Gold Mining
24:55 Gold Shaft Mining
27:34 Imperial Age
26:47 Scale Barding Armor
26:53 Forging
27:25 Hand Cart
27:25 Bloodlines
27:15 Husbandry
27:27 Stone Mining
28:24 Chain Barding Armor
27:52 Loom
29:02 Iron Casting
27:57 Heavy Camel Rider
28:45 Town Watch
30:31 Chemistry
30:33 Plate Barding Armor
30:19 Town Patrol
31:20 Imperial Camel Rider
32:27 Conscription
34:21 Two-Man Saw
35:49 Blast Furnace
36:26 Scale Mail Armor
36:23 Elite Ghulam
37:58 Chain Mail Armor
39:55 Fletching
Connection lost

Rejoining the realm…

Still unreachable

The connection could not be restored.

Session expired

The server has moved on; the page needs a fresh start.